 Dungeon Crawl Stone Soup version bcrawl-1.34.1 (webtiles) character file.

Game seed: 8386849251118666953

215748 MeltyBlood the Poker (level 7, -5/78 HPs)
             Began as an Ent Sloth Apostle on Sept 5, 2021.
             Was a Priest of Cheibriados.
             Slain by a gnoll sergeant
             ... wielding a +0 spear of venom
              (6 damage)
             ... on level 5 of the Dungeon on Sept 22, 2021.
             The game lasted 00:06:50 (3707 turns).

MeltyBlood the Poker (Ent Sloth Apostle)            Turns: 3707, Time: 00:06:51

Health: -5/78      AC: 14    Str: 30    XL:     7   Next: 26%
Magic:  9/9        EV: 12    Int: 20    God:    Cheibriados [***...]
Gold:   115        SH: 10    Dex: 22    Spells: 7/8 levels left

rFire    . . .     SeeInvis .   q - +2 halberd (venom)
rCold    . . .     Gourm    .   b - +0 medium shield
rNeg     + + +     Faith    .   (armour unavailable)
rPois    +         Spirit   .   (helmet restricted)
rElec    .         Reflect  .   (no cloak)
rCorr    .         Harm     .   (gloves unavailable)
MR       .....     Clarity  +   (boots unavailable)
Stlth    ++++......             (no amulet)
HPRegen  0.23/turn              (no ring)
MPRegen  0.11/turn              (no ring)

@: agile, lethally poisoned (-5 -> -27), very slow
A: large, slow actions, passwall, strong branches, negative energy resistance 3,
poison resistance, slow metabolism 1, torment resistance, unbreathing, AC +14
a: Passwall, Bend Time, Defer, Temporal Distortion, Renounce Religion


You were on level 5 of the Dungeon.
You worshipped Cheibriados.
Cheibriados was most pleased with you.
You were hungry.

You visited 1 branch of the dungeon, and saw 5 of its levels.

You collected 115 gold pieces.

Inventory:

Hand Weapons
 a - a +0 spear
 q - a +2 halberd of venom (weapon)
Armour
 b - a +0 medium shield (worn)
Wands
 c - a wand of paralysis (5)
Scrolls
 d - a scroll of fear {unknown}
 f - 2 scrolls of magic mapping {unknown}
 i - 4 scrolls of identify
 j - 2 scrolls of teleportation {unknown}
 l - a scroll of enchant weapon {unknown}
 m - a scroll of blinking {unknown}
 o - 2 scrolls of remove curse {unknown}
 s - a scroll of immolation {unknown}
Potions
 g - 2 potions of curing
 h - 2 potions of haste {unknown}
 k - 3 potions of brilliance {unknown}
 n - a potion of berserk rage {unknown}
 p - a potion of agility
 r - 2 potions of mutation {unknown}
Comestibles
 e - 16 rations {!d}


   Skills:
 + Level 5.3 Fighting
 + Level 5.4 Polearms
 - Level 1.1 Dodging
 - Level 3.9 Stealth
 - Level 1.9 Shields
 - Level 1.5 Unarmed Combat
 - Level 1.2 Spellcasting
 - Level 2.2 Hexes
 + Level 3.4 Invocations
 - Level 0.8 Evocations


You had 7 spell levels left.
You knew the following spells:

 Your Spells              Type           Power        Failure   Level  Hunger
a - Slow                  Hex            ##......     41%         1    None
Your spell library was empty.

Dungeon Overview and Level Annotations

Branches:
Dungeon (5/12)             Temple (0/1) D:4

Altars:
Makhleb
Qazlal
Sif Muna

Shops:
D:4 }


Innate Abilities, Weirdness & Mutations

You move and act slowly.
You can pass through walls and trees.
Your branches can wield two-handed weapons with a shield.
Your thick bark is tough. (AC +14)
You are too large for most types of armour.
You are immune to negative energy. (rN+++)
Your system is resistant to poisons. (rPois)
You have a slow metabolism.
You are immune to unholy pain and torment.
You can survive without breathing.


Message History

Aim: a gnoll sergeant, wielding a +0 spear of venom and wearing a +0 scale mail (chance to defeat MR: 49%)
The gnoll sergeant resists with some effort.
You feel sick.
The gnoll sergeant hits you from afar with a +0 spear of venom!
* * * LOW HITPOINT WARNING * * *
You are more poisoned.
You block the gnoll sergeant's attack.
Evoke which item? (* to show all) (? for menu, Esc to quit)
Aiming: Paralyse
Press: ? - help, Shift-Dir - straight line, f/p - gnoll sergeant
Aim: a gnoll sergeant, wielding a +0 spear of venom and wearing a +0 scale mail (chance to defeat MR: 49%)
The gnoll sergeant resists with some effort.
* * * LOW HITPOINT WARNING * * *
You feel sick. The gnoll sergeant closely misses you.
It was a potion of agility.
You feel agile all of a sudden.
* * * LOW HITPOINT WARNING * * *
You feel very sick.
The gnoll sergeant hits you from afar with a +0 spear of venom.
You die...

##################
..5ogg)@........>#
##############.###
#...#.# #...#.#
#...#.###
#...#...#
####...###.#
#......# #.#
#......# #.#


You could see an orc warrior, a gnoll sergeant, a gnoll and a crimson imp.

Vanquished Creatures
  A centaur (D:5)
  A scorpion (D:4)
  A howler monkey (D:4)
  3 crimson imps (D:4)
  A centaur zombie (D:3)
  An orc wizard (D:3)
  An iguana (D:4)
  A worker ant (D:5)
  A worker ant zombie (D:4)
  7 gnolls
  8 adders
  2 oozes
  3 worms
  5 leopard geckos
  9 orcs
  5 bats
  4 giant cockroaches
  4 goblins
  8 hobgoblins
  7 jackals
  5 quokkas
  6 frilled lizards
  9 kobolds
  7 rats
100 creatures vanquished.

Notes
Turn   | Place    | Note
-------+----------+-------------------------------------------
     0 | D:1      | MeltyBlood the Ent Sloth Apostle began the quest for the
                  | Orb.
     0 | D:1      | Reached XP level 1. HP: 22/22 MP: 2/2
   182 | D:1      | Reached XP level 2. HP: 22/30 MP: 3/3
   414 | D:1      | Reached skill level 1 in Dodging
   451 | D:1      | Upgraded the game from bcrawl-1.34 to bcrawl-1.34.1
   498 | D:1      | Reached XP level 3. HP: 33/37 MP: 4/4
   585 | D:1      | Reached * piety under Cheibriados
   873 | D:2      | Reached skill level 1 in Unarmed Combat
  1176 | D:2      | Found a shimmering blue altar of Sif Muna.
  1278 | D:2      | Reached ** piety under Cheibriados
  1279 | D:2      | Reached XP level 4. HP: 46/47 MP: 5/5
  1947 | D:3      | Reached XP level 5. HP: 53/57 MP: 6/6
  2660 | D:4      | Found a staircase to the Ecumenical Temple.
  2679 | D:4      | Found Mitoodiwk's Gadget Shoppe.
  2794 | D:4      | Reached *** piety under Cheibriados
  3078 | D:4      | Reached skill level 1 in Invocations
  3078 | D:4      | Reached XP level 6. HP: 55/67 MP: 7/7
  3305 | D:4      | Found a burning altar of Makhleb.
  3404 | D:4      | Found a stormy altar of Qazlal.
  3423 | D:4      | Reached skill level 5 in Polearms
  3599 | D:5      | Entered Level 5 of the Dungeon
  3605 | D:5      | Reached skill level 5 in Fighting
  3605 | D:5      | Reached XP level 7. HP: 76/78 MP: 9/9
  3707 | D:5      | HP: 1/78 [poisoned by a gnoll sergeant]
  3707 | D:5      | Slain by a gnoll sergeant

Skill      XL: |  1  2  3  4  5  6  7 |
---------------+----------------------+-----
Dodging        | 1 |  1.1
Unarmed Combat | 1 |  1.5
Polearms       | 3 4 5 |  5.4
Fighting       | 3 4 5 |  5.3
Invocations    | 1 2 3 |  3.4
Stealth        | |  3.9
Shields        | |  1.9
Spellcasting   | |  1.2
Hexes          | |  2.2
Evocations     | |  0.8

Action                   |  1- 3 |  4- 6 |  7- 9 || total
-------------------------+-------+-------+-------++-------
Melee: Spear             |   179 |   235 |       ||   414
       Halberd           |       |    25 |    20 ||    45
Evoke: Wand              |       |     1 |     4 ||     5
  Use: Scroll            |     1 |       |       ||     1
       Potion            |       |       |     1 ||     1
 Stab: Sleeping          |     8 |    13 |       ||    21
       Paralysed         |       |     4 |       ||     4
       Distracted        |       |       |     1 ||     1
  Eat: Chunk             |     5 |    12 |       ||    17
Armor: Skin              |   143 |   155 |    14 ||   312
Dodge: Dodged            |    49 |    80 |     6 ||   135
Block: Medium shield     |   100 |   147 |    19 ||   266
